Map: Curious Minds LE

Players

BaseDrifter

  • Race: Protoss Protoss
  • League: Diamond
  • Spawn Location: 11:00

Pumba - Winner!

  • Race: Protoss Protoss
  • League: Platinum
  • Spawn Location: 5:00

VOD

Have the link to the VOD?

Description

Time

  • Played on: Feb. 8, 2022, 9:53 p.m.
  • Length: 6:50
Show
View Real Time Build Order
Export as new Build Order

BaseDrifter Protoss 

Build Orders:  

Get SALT Encoding   

  12  0:00  Probe  
  13  0:12  Probe  
  14  0:19  Pylon  
  14  0:25  Probe  
  15  0:37  Probe (Chrono Boost)  
  15  0:40  Gateway  
  16  0:47  Probe (Chrono Boost)  
  16  0:48  Assimilator  
  17  0:52  Probe (Chrono Boost)  
  19  1:04  Probe (Chrono Boost)  
  19  1:07  Pylon  
  19  1:16  Probe (Chrono Boost)  
  19  1:17  Pylon  
  20  1:24  Probe (Chrono Boost)  
  20  1:28  Assimilator  
  21  1:33  Pylon  
  21  1:41  Cybernetics Core  
  21  1:46  Probe  
  22  1:53  Pylon  
  22  1:58  Probe  
  23  2:18  Nexus  
  23  2:24  Stalker (Chrono Boost)  
  25  2:30  Warp Gate  
  24  2:46  Stalker  
  24  2:49  Pylon  
  26  2:55  Probe  
  27  3:07  Forge  
  27  3:10  Shield Battery  
  27  3:17  Shield Battery  
  27  3:24  Probe (Chrono Boost)  
  28  3:34  Probe (Chrono Boost)  
  29  3:40  Pylon  
  29  3:43  Probe (Chrono Boost)  
  30  3:52  Twilight Council, Probe (Chrono Boost)  
  31  4:01  Probe  
  32  4:04  Probe  
  33  4:13  Probe  
  33  4:16  Probe  
  35  4:19  Stalker  
  35  4:23  Blink (Chrono Boost)  
  35  4:24  Protoss Ground Weapons Level 1  
  37  4:25  Probe  
  37  4:30  Probe  
  39  4:39  Gateway  
  39  4:42  Probe  
  39  4:44  Photon Cannon  
  40  4:49  Probe  
  41  4:54  Probe  
  41  4:59  Gateway  
  42  5:01  Gateway  
  42  5:21  Photon Cannon  
  42  5:30  Robotics Facility  
  42  5:33  Probe  
  42  5:35  Shield Battery, Pylon  
  43  5:36  Probe  
  43  5:39  Stalker x2  
  48  5:43  Assimilator  
  48  5:46  Probe  
  48  5:49  Probe, Pylon  
  50  5:53  Pylon  
  50  5:58  Stalker x2  
  50  6:01  Probe  
  55  6:07  Probe  
  56  6:12  Gateway  
  56  6:13  Probe  
  56  6:14  Gateway  
  56  6:17  Observer (Chrono Boost)  
  58  6:19  Probe  
  55  6:31  Stalker x2  
  55  6:32  Stalker x2  
Show
View Real Time Build Order
Export as new Build Order

Pumba Protoss - Winner!

Build Orders:  

Get SALT Encoding   

  12  0:00  Probe  
  13  0:12  Probe  
  14  0:17  Pylon  
  14  0:25  Probe  
  15  0:37  Probe (Chrono Boost)  
  15  0:38  Gateway  
  16  0:47  Assimilator  
  16  0:48  Probe (Chrono Boost)  
  17  0:52  Probe (Chrono Boost)  
  17  0:55  Assimilator  
  18  1:04  Probe (Chrono Boost)  
  18  1:09  Gateway  
  20  1:20  Probe (Chrono Boost)  
  20  1:25  Probe (Chrono Boost), Cybernetics Core  
  21  1:36  Probe  
  22  1:43  Pylon  
  22  1:48  Probe  
  24  2:01  Probe  
  24  2:04  Stalker  
  24  2:06  Stalker  
  27  2:17  Warp Gate  
  27  2:23  Probe  
  28  2:32  Pylon  
  28  2:40  Probe  
  28  2:41  Robotics Facility  
  29  2:47  Pylon  
  29  3:00  Nexus  
  28  3:08  Probe  
  31  3:12  Stalker (Chrono Boost)  
  31  3:13  Stalker (Chrono Boost)  
  33  3:25  Probe  
  34  3:37  Probe  
  35  3:42  Robotics Bay  
  35  3:43  Observer  
  36  3:49  Probe  
  36  3:50  Assimilator  
  36  3:55  Assimilator  
  37  4:01  Probe  
  38  4:14  Probe (Chrono Boost)  
  38  4:16  Probe (Chrono Boost)  
  41  4:25  Probe (Chrono Boost)  
  41  4:26  Probe (Chrono Boost)  
  41  4:29  Disruptor, Robotics Facility, Probe (Chrono Boost)  
  41  4:31  Probe (Chrono Boost)  
  46  4:38  Pylon  
  47  4:40  Probe  
  47  4:43  Probe  
  49  4:52  Probe  
  50  4:55  Probe  
  50  4:59  Pylon  
  51  5:02  Pylon  
  51  5:03  Pylon  
  51  5:04  Probe  
  55  5:07  Probe  
  55  5:12  Disruptor (Chrono Boost)  
  56  5:15  Disruptor (Chrono Boost)  
  56  5:20  Probe x2  
  61  5:24  Stalker  
  61  5:27  Stalker  
  65  5:33  Probe  
  66  5:44  Disruptor x2, Observer  
  72  5:51  Pylon  
  72  5:55  Gateway  
  72  5:56  Probe x2  
  74  6:00  Gateway  
  74  6:05  Pylon  
  74  6:20  Disruptor x2 (Chrono Boost)  
  80  6:41  Pylon  
  80  6:43  Pylon  
  80  6:44  Stalker x2  
Tags
 
Add a new tag
Caveats
  • Supply blocks, unpowered buildings, or Contaminate may cause inaccurate times.
  • Supply counts are checked every 10 seconds.